 Dungeon Crawl Stone Soup version 0.18.1-48-g4cf74bf (webtiles) character file.

855 sveltemanboy the Chiller (level 7, -5/47 HPs)
             Began as a High Elf Ice Elementalist on Aug 25, 2016.
             Slain by an orc warrior
             ... wielding a +0 dire flail
              (18 damage)
             ... on level 6 of the Dungeon.
             The game lasted 00:25:20 (8598 turns).

sveltemanboy the Chiller (HEIE)                     Turns: 8598, Time: 00:25:21

Health: -5/47      AC:  4    Str:  5    XL:     7   Next: 70%
Magic:  1/12       EV: 13    Int: 21    God:
Gold:   438        SH:  0    Dex: 16    Spells: 4 memorised, 2 levels left

rFire  . . .     SeeInvis .     G - +2 whip (elec)
rCold  . . .     Gourm    .     a - +0 robe
rNeg   . . .     Faith    +     (no shield)
rPois  .         Spirit   .     (no helmet)
rElec  .         Dismiss  .     (no cloak)
rCorr  .         Reflect  .     x - +1 pair of gloves {archery}
SustAt .         Harm     .     (no boots)
MR     +....                    e - amulet of faith
Stlth  ++........               (no ring)
                                A - ring of flight

@: somewhat resistant to hostile enchantments, unstealthy
A: blink, magic resistance 1, mutation resistance 1, robust 1, weak 1
a: Blink, Evoke Flight


You were on level 6 of the Dungeon.
You were not hungry.

You visited 1 branch of the dungeon, and saw 6 of its levels.
You also visited: Sewer.

You collected 438 gold pieces.

Inventory:

Hand Weapons
 u - a +0 falchion
 G - a +2 whip of electrocution (weapon)
Missiles
 l - 264 stones (quivered)
Armour
 a - a +0 robe (worn)
 x - a +1 pair of gloves of archery (worn)
 y - a +0 buckler
Jewellery
 e - an amulet of faith (around neck)
 A - a ring of flight (left hand)
Wands
 w - a wand of flame (0/48)
Scrolls
 d - 2 scrolls of fear
 f - 4 scrolls of identify
 g - 6 scrolls of teleportation
 m - a scroll of enchant weapon
 p - a scroll of noise
 r - a scroll of fog {unknown}
 v - a scroll of remove curse
 B - 2 scrolls of enchant armour {unknown}
 C - a scroll of random uselessness {unknown}
 F - a scroll of blinking {unknown}
 H - a scroll of immolation {unknown}
 I - a scroll of vulnerability {unknown}
Potions
 i - 4 potions of flight
 k - a potion of curing
 o - a potion of degeneration {unknown}
 q - a potion of lignification
 s - a potion of haste {unknown}
 z - a potion of might {unknown}
 D - a potion of magic {unknown}
 E - a potion of brilliance {unknown}
Books
 b - a book of Frost

   Spells                             Type                      Level
   a - Freeze                         Ice                          1
   b - Throw Frost                    Conjuration/Ice              2
   c - Ozocubu's Armour               Charms/Ice                   3
   d - Throw Icicle                   Conjuration/Ice              4
   e - Summon Ice Beast               Ice/Summoning                4
Comestibles
 c - 7 bread rations
 h - 4 beef jerkies
 j - a slice of pizza
 n - 5 fruits
 t - 3 meat rations
 J - 4 chunks of flesh


   Skills:
 - Level 1.3 Fighting
 + Level 1.7 Long Blades
 - Level 2.1 Dodging
 - Level 2.1 Stealth
 - Level 3.0 Spellcasting
 - Level 2.6 Conjurations
 - Level 2.0 Charms
 * Level 3.9 Summonings
 * Level 6.8 Ice Magic


You had 2 spell levels left.
You knew the following spells:

 Your Spells              Type           Power        Failure   Level  Hunger
a - Freeze                Ice            ####         1%          1    None
b - Throw Frost           Conj/Ice       ###...       3%          2    ##.....
c - Ozocubu's Armour      Chrm/Ice       ###.....     10%         3    ###....
d - Summon Ice Beast      Ice/Summ       ####....     17%         4    ####...


Dungeon Overview and Level Annotations

Branches:
Dungeon (6/15)
 Temple: D:4-7

Altars:
Dithmenos
Gozag
Kikubaaqudgha
Okawaru
Pakellas
Sif Muna

Annotations:
D:3 Terence


Innate Abilities, Weirdness & Mutations

You can translocate small distances at will.
You are resistant to hostile enchantments.
You are somewhat resistant to further mutation.
You are robust (+10% HP).
You are weak. (Str -2)


Message History

Your ice beast hits the orc warrior but does no damage.
Casting: Freeze
Confirm with . or Enter, or press ? or * to list all spells.
Aiming: Freeze
Press: ? - help, Shift-Dir - straight line, f/p - orc warrior
Aim: an orc warrior, wielding a dire flail and wearing a chain mail (lightly wounded)
You freeze the orc warrior.
The orc warrior is moderately wounded.
The orc warrior hits you with a dire flail!
* * * LOW HITPOINT WARNING * * *
Your ice beast hits the orc warrior.
Your ice beast freezes the orc warrior!
Casting: Freeze
Confirm with . or Enter, or press ? or * to list all spells.
Aiming: Freeze
Press: ? - help, Shift-Dir - straight line, f/p - orc warrior
Aim: an orc warrior, wielding a dire flail and wearing a chain mail (almost dead)
You freeze the orc warrior.
The orc warrior is almost dead.
The orc warrior hits you with a dire flail!!
You die...

....## #...... .))).#
#..... .. ..#..## #...
#.. .####)##
#..######(.. .#####.##
#........... .#...##.##
##.......... #.....##.##
##..Y...... #......#..##
###[o....##
..[.....#..###.)@....##
........#...........##
........#...............
........#...............
.......###..............
.......# ##.............
.......# #.............
.......# ##............
..###.## #...........


You could see an orc warrior and a friendly ice beast.

Vanquished Creatures
  An ogre (D:6)
  A scorpion (D:4)
  A giant frog skeleton (D:5)
  2 orc wizards (D:3)
  An orc priest (D:6)
  2 hounds
  A gnoll shaman (D:4)
  An iguana (D:5)
  A siren (Sewer)
  2 worker ants (D:5)
  A merfolk avatar (Sewer)
  A hound skeleton (D:6)
  4 gnolls
  10 adders
  A river rat (Sewer)
  A shadow imp (D:4)
  3 worms
  2 dart slugs
  6 giant geckos
  9 orcs (D:3)
  5 ball pythons
  9 giant cockroaches
  8 goblins
  6 hobgoblins
  4 jackals
  8 kobolds
  3 quokkas
  11 bats
  8 giant newts
  A jackal zombie (D:5)
  32 rats
  A fungus (D:1)
147 creatures vanquished.

Vanquished Creatures (collateral kills)
  A gnoll sergeant (D:6)
  A crimson imp (D:5)
  2 orc priests (D:6)
  A giant frog skeleton (D:5)
  5 gnolls
  A giant cockroach (D:5)
11 creatures vanquished.

Grand Total: 158 creatures vanquished

Notes
Turn   | Place    | Note
--------------------------------------------------------------
     0 | D:1      | sveltemanboy the High Elf Ice Elementalist began the quest for the Orb.
     0 | D:1      | Reached XP level 1. HP: 11/11 MP: 4/4
   905 | D:1      | Reached XP level 2. HP: 18/18 MP: 6/6
   909 | D:1      | Learned a level 2 spell: Throw Frost
  1128 | D:2      | Reached skill level 1 in Fighting
  1436 | D:2      | Reached XP level 3. HP: 23/23 MP: 3/7
  1879 | D:2      | You fall through a shaft for 2 floors!
  2317 | D:4      | Learned a level 3 spell: Ozocubu's Armour
  2424 | D:4      | Reached skill level 4 in Ice Magic
  2579 | D:3      | Found a glowing drain.
  2586 | Sewer    | Entered a sewer
  2592 | Sewer    | Reached XP level 4. HP: 26/28 MP: 9/9
  2818 | Sewer    | Gained mutation: You are resistant to hostile enchantments. [potion of beneficial mutation]
  2819 | Sewer    | Gained mutation: You can translocate small distances at will. [potion of mutation]
  2819 | Sewer    | Gained mutation: You are weak. (Str -2) [potion of mutation]
  2819 | Sewer    | Gained mutation: You are robust (+10% HP). [potion of mutation]
  2820 | Sewer    | Gained mutation: You are somewhat resistant to further mutation. [potion of beneficial mutation]
  3028 | Sewer    | Reached skill level 1 in Charms
  3423 | Sewer    | Reached XP level 5. HP: 29/36 MP: 5/10
  3957 | D:2      | Learned a level 4 spell: Throw Icicle
  4082 | D:2      | Learned a level 4 spell: Summon Ice Beast
  4555 | D:3      | Reached skill level 5 in Ice Magic
  4657 | D:2      | Reached skill level 1 in Summonings
  5259 | D:3      | Reached XP level 6. HP: 39/41 MP: 6/11
  5628 | D:3      | Noticed Terence
  5982 | D:4      | Found an iron altar of Okawaru.
  5982 | D:4      | Found a deep blue altar of Sif Muna.
  5982 | D:4      | Found a shadowy altar of Dithmenos.
  5982 | D:4      | Found an opulent altar of Gozag.
  6049 | D:4      | Found an ancient bone altar of Kikubaaqudgha.
  6049 | D:4      | Found an oddly glowing altar of Pakellas.
  6775 | D:5      | Entered Level 5 of the Dungeon
  7083 | D:5      | Reached skill level 6 in Ice Magic
  7155 | D:5      | Reached XP level 7. HP: 40/47 MP: 7/12
  8385 | D:6      | Reached skill level 1 in Long Blades
  8598 | D:6      | Slain by an orc warrior

Skill      XL: |  1  2  3  4  5  6  7 |
---------------+----------------------+-----
Fighting       | 1 |  1.3
Ice Magic      | 4 5 6 |  6.8
Spellcasting   | 3 |  3.0
Conjurations   | 2 |  2.6
Charms         | 1 2 |  2.0
Summonings     | 1 2 3 |  3.9
Long Blades    | 1 |  1.7
Dodging        | |  2.1
Stealth        | |  2.1

Action                   |  1- 3 |  4- 6 |  7- 9 || total
-------------------------+-------+-------+-------++-------
Melee: Dagger            |    48 |   162 |       ||   210
       Falchion          |       |    30 |     5 ||    35
       Whip              |       |       |    17 ||    17
Throw: Stone             |    44 |   122 |    23 ||   189
 Cast: Freeze            |    28 |    68 |    19 ||   115
       Throw Frost       |    23 |    63 |     4 ||    90
       Summon Ice Beast  |       |       |     9 ||     9
Evoke: Wand              |       |     9 |       ||     9
  Use: Potion            |       |     8 |       ||     8
       Scroll            |       |     6 |       ||     6
 Stab: Sleeping          |       |     2 |       ||     2
  Eat: Chunk             |     5 |    18 |     8 ||    31
Armor: Robe              |    11 |    53 |     9 ||    73
       Skin              |       |     2 |       ||     2
Dodge: Dodged            |    30 |   127 |    24 ||   181
